 Dungeon Crawl Stone Soup version 0.18.1-48-g4cf74bf (webtiles) character file.

280 MistressOfTheDunes the Insei (level 6, -3/47 HPs)
             Began as a Mummy Monk on June 27, 2016.
             Slain by a gnoll
             ... wielding a +0 spear
              (8 damage)
             ... on level 2 of the Dungeon.
             The game lasted 00:08:46 (10193 turns).

MistressOfTheDunes the Insei (Mummy Monk)          Turns: 10193, Time: 00:08:47

Health: -3/47      AC:  0    Str: 15    XL:     6   Next: 5%
Magic:  6/6        EV:  8    Int:  9    God:
Gold:   180        SH:  5    Dex: 16    Spells: 0 memorised, 5 levels left

rFire  x . .     SeeInvis .       - Unarmed
rCold  + . .     Gourm    .     (no armour)
rNeg   + + +     Faith    .     a - +0 buckler
rPois  ∞         Spirit   .     (no helmet)
rElec  .         Dismiss  .     (no cloak)
rCorr  +         Reflect  .     (no gloves)
SustAt .         Harm     .     (no boots)
MR     .....                    (no amulet)
Stlth  ++........               f - ring of resist corrosion
                                (no ring)

@: very slightly contaminated, not resistant to hostile enchantments, unstealthy
A: no food or potions, fire vulnerability, cold resistance 1, negative energy
resistance 3, torment resistance, unbreathing
a: no special abilities


You were on level 2 of the Dungeon.
You were not hungry.

You visited 1 branch of the dungeon, and saw 3 of its levels.

You collected 180 gold pieces.


Innate Abilities, Weirdness & Mutations

You do not eat or drink.
Your flesh is vulnerable to fire.
You are immune to poison.
Your flesh is cold resistant.
You are immune to negative energy.
You are immune to unholy pain and torment.
You can survive without breathing.


   Skills:
 - Level 3.0 Fighting
 - Level 2.4 Dodging
 - Level 1.5 Stealth
 - Level 4.0 Shields
 + Level 4.3 Unarmed Combat


You had 5 spell levels left.
You didn't know any spells.

Inventory:

Missiles
 k - 14 poisoned needles
Armour
 a - a +0 buckler (worn)
Jewellery
 f - a ring of resist corrosion (right hand)
 g - an uncursed amulet of regeneration {unknown}
Scrolls
 b - 2 scrolls of immolation {unknown}
 c - a scroll of recharging {unknown}
 d - 2 scrolls of remove curse {unknown}
 e - 2 scrolls of identify {unknown}
 h - a scroll of fog {unknown}
 i - a scroll of random uselessness {unknown}
 j - a scroll of teleportation {unknown}

Dungeon Overview and Level Annotations

Branches:
Dungeon (3/15)

Altars:
Dithmenos
Trog

Annotations:
D:2 exclusion: upstairs, Crazy Yiuf

▒............▒ ▒..▒
▒▒▒..........▒ ▒..▒▒
▒..........▒ ▒...▒
▒▒▒▒.▒▒▒....▒▒▒ ▒.▒.▒
.......▒....▒▒ ▒.▒.▒
▒▒▒▒.▒.▒[▒▒▒.▒▒▒▒▒▒.▒.▒
▒▒▒▒.▒...▒ ▒..........▒
.†g.g.)..▒▒▒.▒▒▒▒▒▒...▒
▒▒▒...▒>......ggM.gr..▒
▒▒▒▒.....▒...▒▒▒▒▒▒▒.▒▒
.........▒▒.▒▒ ▒.▒
....▒▒.▒▒▒▒.▒▒▒ ▒.▒
.......▒ ▒...▒ ▒.▒
....▒▒▒▒ ▒▒▒.▒ ▒.▒
...▒▒ ▒.▒ ▒.▒ ▒.▒▒ ▒.▒
▒.▒ ▒.▒▒▒▒▒ ▒.▒ ▒.▒


You could see 3 gnolls and a rat.


Message History

* * * don't die * * * x2
You are too injured to fight recklessly!!!
You are too injured to fight recklessly!!!
You are too injured to fight recklessly!!!
Crazy Yiuf cries, "Goober!!!"
Crazy Yiuf says, "Aardvark blue pizzabubble!!!"
Crazy Yiuf whimpers, "Goldfish ladder snail!!!"
Your extra speed is starting to run out!
There is a stone staircase leading down here!
You climb downwards!
There is a stone staircase leading up here!
You feel yourself slow down!
(D) Dungeon
Where to? (Enter - D:3 @ (x,y), ? - help)
There is a shadowy altar of Dithmenos here!
There is a stone staircase leading up here!
You climb upwards!
Level annotation: exclusion: upstairs, Crazy Yiuf A rat comes into view!
The gnoll shouts!!! x2
The gnoll hits you with a whip!!! * * * don't die
* * * The gnoll hits you from afar with a spear of venom!!! * * * don't die
* * *
There is a stone staircase leading down here!
You block the gnoll's attack!
The gnoll hits you from afar with a spear of venom! * * * don't die
* * * The gnoll hits you from afar with a spear!!! rip

Action                   |  1- 3 |  4- 6 || total
-------------------------+-------+-------++-------
Melee: Unarmed           |   187 |   255 ||   442
       Punch             |     2 |       ||     2
 Stab: Sleeping          |     5 |     7 ||    12
       Distracted        |       |     2 ||     2
Dodge: Dodged            |    85 |    94 ||   179
Block: Buckler           |    20 |    41 ||    61

Vault maps used:
D:1:      minmay_arrival_doors, minivault_27
D:3:      trog_eyes_of_draining, nicolae_qazlal_eye_of_the_storm,
          nicolae_overflow_crystal_walls, uniq_crazy_yiuf_cottage

Notes
Turn   | Place    | Note
--------------------------------------------------------------
     0 | D:1      | MistressOfTheDunes the Mummy Monk began the quest for the Orb.
     0 | D:1      | Reached XP level 1. HP: 18/18 MP: 1/1
   123 | D:1      | Reached XP level 2. HP: 7/24 MP: 2/2
   741 | D:1      | Reached skill level 4 in Unarmed Combat
  1052 | D:1      | Reached XP level 3. HP: 16/29 MP: 3/3
  1484 | D:1      | Reached skill level 1 in Shields
  2442 | D:2      | Reached skill level 2 in Shields
  2442 | D:2      | Reached XP level 4. HP: 13/35 MP: 4/4
  3910 | D:3      | Found a bloodstained altar of Trog.
  3910 | D:3      | Noticed an eye of draining
  3944 | D:3      | Killed an eye of draining
  3944 | D:3      | Reached skill level 3 in Shields
  3944 | D:3      | Reached XP level 5. HP: 41/41 MP: 0/5
  3968 | D:3      | Found a shadowy altar of Dithmenos.
  4052 | D:3      | Reached skill level 4 in Shields
  4383 | D:3      | Noticed Crazy Yiuf
  5209 | D:1      | HP: 4/41 [hobgoblin/club (5)]
  5230 | D:1      | HP: 3/41 [hobgoblin/club (4)]
  8889 | D:1      | Noticed a caustic shrike
  9008 | D:1      | Reached XP level 6. HP: 31/47 MP: 6/6
  9848 | D:1      | Noticed an anubis guard
  9854 | D:1      | Noticed a shining eye
  9854 | D:1      | an anubis guard changed into a shining eye
  9855 | D:1      | Noticed a slime creature
  9855 | D:1      | a shining eye changed into a slime creature
 10193 | D:2      | Slain by a gnoll

Vanquished Creatures
  An eye of draining (D:3)
  An orc wizard (D:1)
  4 adders
  2 worms (D:2)
  6 dart slugs
  A giant gecko (D:3)
  5 orcs
  3 ball pythons
  9 bats
  7 giant cockroaches
  10 goblins
  8 hobgoblins
  10 jackals
  11 kobolds
  4 quokkas
  7 giant newts (D:1)
  A jackal skeleton (D:3)
  6 rats
96 creatures vanquished.
